 Dungeon Crawl Stone Soup version 0.31-a0-574-g69dc8cc98e (webtiles) character file.

Game seed: 1087084658916892572

2174 ytrimaz the Insei (level 9, -6/53 HPs)
             Began as an Octopode Shapeshifter on Aug 18, 2023.
             Was an Initiate of Ashenzari.
             Killed from afar by an electric eel (10 damage)
             ... with a bolt of electricity
             ... in a bailey.
             The game lasted 00:07:06 (6873 turns).

ytrimaz the Insei (Octopode Shapeshifter)           Turns: 6873, Time: 00:07:06

Health: -6/53      AC:  1    Str: 14    XL:     9   Next: 32%
Magic:  9/9        EV: 17    Int: 10    God:    Ashenzari [......]
Gold:   365        SH:  0    Dex: 17    Spells: 8/8 levels left

rFire   . .          .
                       - Unarmed
rCold   . . .        (no shield)
rNeg    . . .        (helmet currently unavailable)
rPois   .            g - amulet of Ashenzari's Comet {Faith, Dev, Cun} (curse)
rElec   .            (no ring)
rCorr   .            (no ring)
SInv    .            (no ring)
Will    .....        (no ring)
Stlth   ++++         (no ring)
HPRegen 0.28/turn    (no ring)
MPRegen 0.11/turn    (no ring)
                     (no ring)

%: faith
@: beast-form
A: beast (slay +4), almost no armour, amphibious, 8 rings, camouflage 1,
gelatinous body 1, nimble swimmer 1, tentacles
a: Begin Untransformation, Renounce Religion, Curse Item, Shatter the Chains


You were in a bailey.
You worshipped Ashenzari.
Ashenzari was noncommittal.
You were a hulking beast.
You visited 1 branch of the dungeon, and saw 7 of its levels.
You also visited: Ossuary and Bailey.

You collected 509 gold pieces.
You spent 144 gold pieces at shops.


Innate Abilities, Weirdness & Mutations

You are a hulking beast.
Your limbs bulge with bestial killing power. (Slay +4)
You cannot wear most types of armour.
You are amphibious.
You can wear up to eight rings at the same time.
Your skin changes colour to match your surroundings (Stealth+).
Your rubbery body absorbs attacks. (AC +1, EV +1)
You are camouflaged when in or above water. (Stealth+)
You have tentacles for arms and can constrict up to eight enemies at once.


   Skills:
 - Level 1.0 Fighting
 + Level 7.3(7.7) Dodging
 + Level 7.5 Unarmed Combat
 + Level 6.5(6.9) Shapeshifting


You had 8 spell levels left.
You didn't know any spells.
Your spell library contained the following spells:

 Spells                   Type           Power      Damage    Failure   Level
 Magic Dart               Conj           0%         1d3       36%         1
 Sandblast                Erth           0%         2d4       36%         1
 Passwall                 Tmut/Erth      0%         N/A       50%         2
 Searing Ray              Conj           0%         2d4       50%         2
 Dazzling Flash           Conj/Hex       0%         N/A       75%         3
 Stone Arrow              Conj/Erth      0%         3d7       75%         3
 Fulminant Prism          Conj/Hex       0%         3d5       98%         4
 Agony                    Necr           0%         N/A       100%        5
 Silence                  Hex/Air        0%         N/A       100%        5

Inventory:

Missiles
 j - 3 throwing nets
Jewellery
 g - the cursed amulet of Ashenzari's Comet (around mantle) {Faith, Dev, Cun}
   (You found it on level 1 of the Dungeon)

   [amulet of faith]

   Faith:     It allows you to gain divine favour quickly.
   It has a curse which improves the following skills: Devices: Evocations and
   Shapeshifting.
   Cunning:   Dodging and Stealth.
Talismans
 b - a beast talisman (active)
 c - a flux talisman
Wands
 x - a wand of roots (5) (quivered)
   (You found it on level 4 of the Dungeon)
 B - a wand of polymorph (10)
   (You found it on level 6 of the Dungeon)
Scrolls
 a - 2 scrolls of poison
 h - a scroll of immolation
 i - 3 scrolls of enchant armour
 k - a scroll of blinking {unknown}
 l - a scroll of amnesia {unknown}
 o - a scroll of enchant weapon {unknown}
 r - a scroll of butterflies {unknown}
 v - 5 scrolls of teleportation {unknown}
 y - a scroll of fog {unknown}
 A - a scroll of acquirement {unknown}
Potions
 d - a potion of might
 e - a potion of haste {unknown}
 f - a potion of resistance
 m - 3 potions of curing
 n - 2 potions of heal wounds
 p - a potion of ambrosia
 q - 2 potions of attraction
 t - 2 potions of enlightenment
 u - a potion of lignification
 w - 2 potions of brilliance
 z - a potion of invisibility
 D - a potion of cancellation

Dungeon Overview and Level Annotations

Branches:
Dungeon (7/15) Zot: 26957  Temple (0/1) D:5         Ossuary (visited)
 Bailey (1/1) Zot: 5780

Altars:
Ashenzari
Fedhas
Uskayaw
Wu Jian
Yredelemnul
Zin

Shops:
D:3

[*! ###...### #.......#
#...∩...# #.......#
#.......#
###.......##############
≈≈.........≈≈≈≈≈≈≈≈≈≈≈≈≈
≈≈≈≈≈...≈≈≈≈≈≈≈≈≈≈≈≈≈≈≈≈
≈≈≈≈≈...≈≈≈≈≈≈≈≈hS≈≈≈≈≈≈
≈≈≈≈≈...≈≈≈≈≈≈≈≈≈≈≈≈≈≈≈≈
≈≈≈≈≈...≈≈≈≈≈≈≈≈≈≈≈≈≈≈≈≈
#~~~~...~~))######≈≈≈≈≈≈
#.........).# ≈≈≈≈≈≈
#####'''##### ≈≈≈≈≈≈
+.....+ ≈≈≈≈≈ +.....+
≈≈≈≈≈ #..⌠..#


You could see an electric eel.


Message History

You tentacle-slap the orc knight.
You squeeze the orc knight, but do no damage.
You constrict the orc knight, but do no damage.
The orc knight splashes around in the water.
Unknown command.
You tentacle-slap the orc knight. You squeeze the orc knight.
You constrict the orc knight, but do no damage.
The orc knight splashes around in the water.
You bludgeon the orc knight! You constrict the orc knight.
The orc knight hits you with a +0 broad axe!!
* * * LOW HITPOINT WARNING * * *
😨 HP[-23]
You take 23 damage, and now have 14/53 hp.
MASSIVE DAMAGE!! (PAUSE)
You tentacle-slap the orc knight. You constrict the orc knight!
The orc knight barely misses you. 😨 HP[+1]
You release your grip on the orc knight.
There are monsters nearby!
Unknown command.
Unknown command.
Aiming: Fastroot
Press: ? - help, Q - select action, (/) - cycle Shift-Dir - straight line, f - orc knight
Aim: an orc knight, wielding a +0 broad axe and wearing a +0 scale mail (severely wounded, pursuing quickly)
The roots erupt in riotous growth!
Roots grab the orc knight.
Roots grab the goblin.
Roots grab the hobgoblin.
The grasping roots constrict the goblin.
The grasping roots constrict the hobgoblin.
You kill the hobgoblin!
You hear a splash. x2
The grasping roots constrict the orc knight!
The goblin struggles to escape constriction.
The orc knight roars a battlecry!
The goblin struggles to escape constriction.
Unknown command.
Unknown command.
Aiming: Fastroot
Press: ? - help, Q - select action, (/) - cycle Shift-Dir - straight line, f - orc, p - orc knight
Aim: an orc, wielding a +0 hand axe and wearing a +0 leather armour (strong)
The roots erupt in riotous growth!
The orc knight is unaffected.
The goblin is unaffected.
Roots grab the orc.
The grasping roots constrict the goblin.
You kill the goblin!
The grasping roots constrict the orc knight.
The grasping roots constrict the orc.
You hear a shout!
The roots release their grip on the orc knight.
Unknown command.
The grasping roots constrict the orc.
The orc knight is no longer moving quickly.
The roots release their grip on the orc. 😨 HP[+1] Unknown command.
The orc knight misses you.
You closely miss the orc knight. You grab the orc knight.
You squeeze the orc knight!
You kill the orc knight!
You hear a splash. x2
Your Dodging skill increases to level 7!
You tentacle-slap the orc.
You kill the orc!
You hear a splash. x2
Items here: )) [[ ††. 😨 HP[+1] Key pressed, stopping explore.
Key pressed, stopping explore.
Unknown command. 😮 HP[+16]
You regained 16 hp, and now have 33/53 hp.
An electric eel comes into view. 😮 HP[+6]
You regained 6 hp, and now have 39/53 hp.
An electric eel is nearby!
An electric eel is nearby! 😕 HP[+1]
The electric eel shoots out a bolt of lightning at you!
The bolt of electricity hits you! 😮 HP[-8]
You take 8 damage, and now have 32/53 hp.
The electric eel shoots out a bolt of lightning at you!
The bolt of electricity hits you!
* * * LOW HITPOINT WARNING * * *
😨 HP[-14]
You take 14 damage, and now have 18/53 hp.
MASSIVE DAMAGE!! (PAUSE)
You tentacle-slap the electric eel. You grab the electric eel.
You constrict the electric eel.
The electric eel shoots out a bolt of lightning at you!
The bolt of electricity hits you!
* * * LOW HITPOINT WARNING * * *
😱 HP[-14]
You take 14 damage, and now have 4/53 hp.
MASSIVE DAMAGE!! (PAUSE)
You tentacle-slap the electric eel. You constrict the electric eel.
The electric eel shoots out a bolt of lightning at you!
The bolt of electricity hits you!
You die...

Skill      XL: |  1  2  3  4  5  6  7  8  9 |
---------------+----------------------------+-----
Dodging        | 4 5 6 7 |  7.3
Unarmed Combat | 4 5 7 |  7.5
Shapeshifting  | 4 5 6 |  6.5
Fighting       | |  1.0

Action                     |  1- 3 |  4- 6 |  7- 9 || total
---------------------------+-------+-------+-------++-------
  Melee: Unarmed           |    67 |   109 |   184 ||   360
         Constrict         |    18 |    29 |    55 ||   102
         Tentacles         |     6 |    26 |    61 ||    93
         Punch             |     1 |     3 |    11 ||    15
 Invoke: Curse Item        |       |       |     1 ||     1
  Evoke: Wand              |       |       |     2 ||     2
    Use: Scroll            |     2 |       |    12 ||    14
         Potion            |       |     2 |     1 ||     3
   Stab: Sleeping          |     9 |     8 |     8 ||    25
 Armour: Skin              |     5 |    26 |     7 ||    38
  Dodge: Dodged            |    31 |    69 |   114 ||   214

Levels and vault maps discovered:
D:1:      evilmike_arrival_hilbert_curve, layout_basic,
          minmay_misc_feat_diagonals
D:2:      wad_river_or_something, layout_rooms, minmay_tetromino_o2,
          uniq_sigmund
D:3:      layout_basic, zin_scriptorium, mainiacjoe_overflow_small_starburst,
          old_standard_altar, serial_shops, shop, nicolae_shop_hallway_stairs,
          nicolae_shop_pleasant_corner_grove, uniq_robin, uniq_natasha
D:4:      layout_cave_pods, nicolae_wu_jian_immortal_techniques
D:5:      layout_basic, minmay_temple_entry_mini_moons, enter_ossuary_3
D:6:      layout_loops_corners, eat_drink_and_be_merry_uskayaw, fedhas_altar_1
D:7:      minmay_the_grid_octo_tiled_octocenter
          [minmay_the_grid_octo_checkerflower, minmay_the_grid_octo_clover_2,
          minmay_the_grid_octo_shrine, minmay_the_grid_octo_horde,
          minmay_the_grid_octo_prize_star,
          minmay_the_grid_square_5x5_three_small,
          minmay_the_grid_square_5x5_minivault,
          minmay_the_grid_square_5x5_sharp_hourglass,
          minmay_the_grid_square_5x5_percent], layout_basic,
          mainiacjoe_overflow_surrounded_room, nicolae_tso_besieged_by_evil,
          enter_bailey_3, water_maze_lemuel
Bailey:   bailey_axe_of_yendor_kennysheep, bailey

Notes
Turn   | Place    | Note
-------+----------+-------------------------------------------
     0 | D:1      | ytrimaz the Octopode Shapeshifter began the quest for the
                  | Orb.
     0 | D:1      | Reached XP level 1. HP: 13/13 MP: 1/1
     0 | D:1      | magus.rc [v1.9.6]
   120 | D:1      | Reached XP level 2. HP: 18/18 MP: 2/2
   565 | D:1      | You pick up a book of Geomancy and begin reading...
   565 | D:1      | You add the spells Sandblast, Passwall and Stone Arrow to
                  | your library.
   606 | D:1      | Reached XP level 3. HP: 23/23 MP: 3/3
  1074 | D:2      | Identified the +2 pair of gloves "Xeth" {Str+4 Slay-4}
  1191 | D:2      | Reached XP level 4. HP: 28/28 MP: 4/4
  1244 | D:2      | Reached skill level 3 in Dodging
  1452 | D:2      | Noticed Sigmund
  1464 | D:2      | Killed Sigmund
  1465 | D:2      | Reached skill level 4 in Dodging
  1465 | D:2      | Reached skill level 4 in Unarmed Combat
  1465 | D:2      | Reached skill level 4 in Shapeshifting
  1465 | D:2      | Reached XP level 5. HP: 33/33 MP: 5/5
  1465 | D:2      | Reached XP level 6. HP: 38/38 MP: 6/6
  1795 | D:3      | HP: 8/38 [gnoll/+0 club (4)]
  1937 | D:3      | Found a broken altar of Ashenzari.
  1946 | D:3      | Became a worshipper of Ashenzari the Shackled
  2005 | D:3      | Found a basalt altar of Yredelemnul.
  2120 | D:3      | Identified the +1 mace "Cibruc" {elec, Stlth+}
  2122 | D:3      | Found a glowing silver altar of Zin.
  2122 | D:3      | Noticed Robin
  2134 | D:3      | HP: 13/57 [Robin/+0 spear (4)]
  2135 | D:3      | HP: 6/57 [hobgoblin[Robin] (7)]
  2136 | D:3      | Killed Robin
  2304 | D:3      | Found Fioraghu's Armour Shop.
  2410 | D:3      | Noticed Natasha
  2428 | D:3      | HP: 7/38 [Natasha (3)]
  2431 | D:3      | Killed Natasha
  2553 | D:3      | Reached skill level 5 in Unarmed Combat
  2553 | D:3      | Reached XP level 7. HP: 43/43 MP: 7/7
  2553 | D:3      | Found Parien's Distillery.
  2571 | D:3      | Bought a potion of curing for 36 gold pieces
  2571 | D:3      | Bought a potion of heal wounds for 60 gold pieces
  2605 | D:3      | Found Usuisav's Assorted Antiques.
  2611 | D:3      | Bought a scroll labelled PIQIOJ JOAGHOF for 24 gold pieces
  2611 | D:3      | Bought a scroll labelled WEFAJO ELIMPI for 24 gold pieces
  2656 | D:3      | You fall into a shaft and drop 3 floors!
  2656 | D:6      | Found a hide-covered altar of Uskayaw.
  2678 | D:6      | Found a blossoming altar of Fedhas.
  2702 | D:5      | Entered Level 5 of the Dungeon
  2804 | D:5      | Found a staircase to the Ecumenical Temple.
  2830 | D:5      | Found a sand-covered staircase.
  2839 | Ossuary  | Entered an ossuary
  2882 | Ossuary  | Reached skill level 5 in Dodging
  3115 | Ossuary  | Reached skill level 5 in Shapeshifting
  3585 | D:4      | Reached XP level 8. HP: 23/48 MP: 8/8
  3703 | D:4      | Found an ornate altar of the Wu Jian Council.
  3901 | D:4      | You pick up a book of Conjurations and begin reading...
  3901 | D:4      | You add the spells Magic Dart, Searing Ray and Fulminant
                  | Prism to your library.
  3986 | D:4      | You pick up a book of the Senses and begin reading...
  3986 | D:4      | You add the spells Dazzling Flash, Agony and Silence to
                  | your library.
  4292 | D:4      | Reached skill level 6 in Unarmed Combat
  5515 | D:6      | Reached skill level 6 in Dodging
  5861 | D:6      | HP: 10/42 [centaur/+0 quarterstaff of draining (1)]
  5864 | D:6      | Reached skill level 6 in Shapeshifting
  6068 | D:6      | Reached skill level 7 in Unarmed Combat
  6412 | D:6      | Reached XP level 9. HP: 45/53 MP: 9/9
  6639 | D:7      | Found a flagged portal.
  6653 | Bailey   | Entered a bailey
  6756 | Bailey   | Noticed an orc knight
  6783 | Bailey   | Killed an orc knight
  6784 | Bailey   | Reached skill level 7 in Dodging
  6872 | Bailey   | HP: 4/53 [electric eel/bolt of electricity (14)]
  6873 | Bailey   | Killed from afar by an electric eel

Vanquished Creatures
  An orc knight (Bailey)
  Sigmund (D:2)
  2 sky beasts
  A black bear (D:5)
  An ice beast (D:6)
  An ogre (D:6)
  A centaur (D:6)
  A phantom (D:6)
  2 scorpions
  A hound (D:7)
  An orc priest (D:4)
  A gnoll bouda (D:4)
  2 jellies
  3 iguanas
  Natasha (D:3)
  2 orc wizards
  8 mummies (Ossuary)
  Robin (D:3)
  21 gnolls
  4 adders
  A white imp (D:5)
  An ufetubus (D:4)
  2 worms
  16 orcs
  7 endoplasms
  6 giant cockroaches
  23 goblins
  9 hobgoblins
  11 jackals
  6 kobolds
  5 quokkas
  8 ball pythons
  7 bats
  6 frilled lizards
  3 hobgoblin zombies (Ossuary)
  3 kobold zombies (Ossuary)
  2 orc zombies (Ossuary)
  8 rats
180 creatures vanquished.

Table legend:
 A = Non-vault XP
 B = Vault XP
 C = Vault XP percentage of total XP
 D = Non-vault monster count
 E = Vault monster count
 F = Vault count percentage of total count
                 A         B        C        D         E       F
            +---------+---------+-------+---------+---------+-------
      Total |    1958 |    1148 |  37.0 |     130 |      50 |  27.8
            +---------+---------+-------+---------+---------+-------
        D:1 |      41 |       0 |   0.0 |      25 |       0 |   0.0
        D:2 |     119 |     248 |  67.6 |      27 |      12 |  30.8
        D:3 |     145 |      75 |  34.1 |      19 |      14 |  42.4
        D:4 |     342 |       0 |   0.0 |      26 |       0 |   0.0
        D:5 |     482 |       0 |   0.0 |      10 |       0 |   0.0
        D:6 |     784 |       0 |   0.0 |      22 |       0 |   0.0
        D:7 |      45 |       6 |  11.8 |       1 |       4 |  80.0
    Ossuary |       0 |     148 | 100.0 |       0 |      16 | 100.0
     Bailey |       0 |     671 | 100.0 |       0 |       4 | 100.0
            +---------+---------+-------+---------+---------+-------

Skill      XL: |  1  2  3  4  5  6  7  8  9 |
---------------+----------------------------+-----
Dodging        | 4 5 6 7 |  7.3
Unarmed Combat | 4 5 7 |  7.5
Shapeshifting  | 4 5 6 |  6.5
Fighting       | |  1.0

Action                     |  1- 3 |  4- 6 |  7- 9 || total
---------------------------+-------+-------+-------++-------
  Melee: Unarmed           |    67 |   109 |   184 ||   360
         Constrict         |    18 |    29 |    55 ||   102
         Tentacles         |     6 |    26 |    61 ||    93
         Punch             |     1 |     3 |    11 ||    15
 Invoke: Curse Item        |       |       |     1 ||     1
  Evoke: Wand              |       |       |     2 ||     2
    Use: Scroll            |     2 |       |    12 ||    14
         Potion            |       |     2 |     1 ||     3
   Stab: Sleeping          |     9 |     8 |     8 ||    25
 Armour: Skin              |     5 |    26 |     7 ||    38
  Dodge: Dodged            |    31 |    69 |   114 ||   214

Illustrated notes

Table legend:
 A = Kills in this place as a percentage of kills in the entire game.
 B = Kills by you in this place as a percentage of kills by you in the entire game.
 C = Kills by friends in this place as a percentage of kills by friends in the entire game.
 D = Other kills in this place as a percentage of other kills in the entire game.
 E = Experience gained in this place as a percentage of experience gained in the entire game.
 F = Experience gained in this place divided by the number of levels of this place that you have seen.
                   A       B       C       D       E      F
               +-------+-------+-------+-------+-------+----------------------
         Total | 100.0 | 100.0 |   N/A |   N/A | 100.0 | 345.1
       Dungeon |  88.9 |  88.9 |   N/A |   N/A |  73.6 | 326.7
       Ossuary |   8.9 |   8.9 |   N/A |   N/A |   4.8 | 148.0
        Bailey |   2.2 |   2.2 |   N/A |   N/A |  21.6 | 671.0
               +-------+-------+-------+-------+-------+----------------------

Table legend: (Time is in decaauts)
 A = Elapsed time spent in this place.
 B = Non-inter-level travel time spent in this place.
 C = Inter-level travel time spent in this place.
 D = Time resting spent in this place.
 E = Time spent auto-exploring this place.
 F = Levels seen in this place.
 G = Mean time per level.
                   A        B        C        D        E       F      G
               +--------+--------+--------+--------+--------+-----+--------+
         Total |   6854 |   6655 |    199 |    240 |   5296 |   9 |  761.6 |
       Dungeon |   6248 |   6049 |    199 |    131 |   4935 |   7 |  892.6 |
       Ossuary |    387 |    387 |      0 |    109 |    179 |   1 |  387.0 |
        Bailey |    218 |    218 |      0 |      0 |    182 |   1 |  218.0 |
               +--------+--------+--------+--------+--------+-----+--------+

Top non-repeatable levels by time:
     D:6: 1208 daAuts
     D:5: 1112 daAuts
     D:4: 1110 daAuts
     D:3: 1064 daAuts
     D:1: 949 daAuts
     D:2: 761 daAuts
 Ossuary: 387 daAuts
  Bailey: 218 daAuts
     D:7: 43 daAuts
